 Dungeon Crawl Stone Soup version 0.21.1-1-g345015f (webtiles) character file.

27 frapes28 the Shield-Bearer (level 2, -8/29 HPs)
             Began as a Troll Fighter on July 19, 2018.
             Mangled by Sigmund
             ... wielding a +0 scythe
              (11 damage)
             ... on level 2 of the Dungeon.
             The game lasted 00:09:42 (860 turns).

frapes28 the Shield-Bearer (Troll Fighter)           Turns: 860, Time: 00:09:42

Health: -8/29      AC:  5    Str: 23    XL:     2   Next: 93%
Magic:  1/1        EV:  8    Int:  4    God:
Gold:   79         SH:  0    Dex:  9    Spells: 1/1 levels left

rFire    . . .     SeeInvis .   a - +0 war axe
rCold    . . .     Gourm    +   c - +0 shield
rNeg     . . .     Faith    .   b - +0 robe
rPois    .         Spirit   .   (helmet restricted)
rElec    .         Reflect  .   (no cloak)
rCorr    .         Harm     .   (gloves unavailable)
MR       .....                  (boots unavailable)
Stlth    +.........             (no amulet)
HPRegen  0.49/turn              (no ring)
MPRegen  0.07/turn              (no ring)

@: confused, about to teleport
A: large, unfitting armour, claws 3, fast metabolism 3, gourmand, regeneration
1, shaggy fur 1, tough skin 2
a: no special abilities


You were on level 2 of the Dungeon.
You were not hungry.

You visited 1 branch of the dungeon, and saw 2 of its levels.

You collected 79 gold pieces.

Inventory:

Hand Weapons
 a - a +0 war axe (weapon)
 g - a +0 dagger
 i - a +0 hand axe
 k - a cursed -1 hand axe
 q - a +0 spear
 u - a +1 vampiric short sword
Missiles
 s - 46 stones (quivered)
Armour
 b - a +0 robe (worn)
 c - a +0 shield (worn)
 l - a +0 leather armour
 m - a +0 chain mail
 n - a +0 ring mail
 o - a +0 chain mail
 r - a +0 robe
Jewellery
 h - a cursed ring of teleportation {unknown}
Scrolls
 j - a scroll of remove curse
Potions
 d - a potion of might
 p - a potion of mutation {unknown}
 t - a potion of curing {unknown}
 v - a potion of resistance {unknown}
Comestibles
 f - 3 rations


   Skills:
 * Level 2.7 Fighting
 * Level 1.9 Axes
 + Level 2.5 Dodging
 * Level 2.8 Shields


You had one spell level left.
You didn't know any spells.

Dungeon Overview and Level Annotations

Branches:
Dungeon (2/15)

Altars:

Annotations:
D:2 Sigmund


Innate Abilities, Weirdness & Mutations

You are too large for most types of armour.
You have claws for hands.
Your metabolism is lightning-fast.
You like to eat raw meat.
Your natural rate of healing is unusually fast.
You are covered in fur. (AC +1)
You have very tough skin. (AC +2)


Message History

You closely miss something. You block the jackal's attack.
You block something's attack. The jackal completely misses you.
You slash the jackal!
You kill the jackal!
You closely miss something. The bat closely misses you. Something hits you.
You barely miss the bat. You miss something. The bat barely misses you.
Something hits you.
* * * LOW HITPOINT WARNING * * *
Eat a chunk of flesh? (ye/n/q)
You eat the chunk of flesh.
This raw flesh tastes great.
Something hits you.
* * * LOW HITPOINT WARNING * * *
As you read the scroll of teleportation, it crumbles to dust.
You feel strangely unstable. The bat hits you.
* * * LOW HITPOINT WARNING * * *
The bat closely misses you.
You hear some strange, mumbled words.
You are confused.
You bump into the rock wall.
The bat hits you but does no damage. x2
Something hits you!
You die...

#.#.# $..
##########.#.###+#...
#........#...#.....#
#........##.<#.....#
#........##..#.....#
#........##..#.....#
.##............#.....#
........#.....>'%{...###
........#.....##@b.......
........#.....######.....
........#.....# ....
..#######.....# ... ..
#....... .h . #....... b
#......


You could see a bat.

Vanquished Creatures
  A leopard gecko (D:1)
  A bat (D:1)
  A giant cockroach (D:1)
  A goblin (D:1)
  4 hobgoblins (D:1)
  7 jackals
  A frilled lizard (D:1)
  3 kobolds (D:1)
  2 rats (D:1)
  A plant (D:1)
22 creatures vanquished.

Notes
Turn   | Place    | Note
-------+----------+-------------------------------------------
     0 | D:1      | frapes28 the Troll Fighter began the quest for the Orb.
     0 | D:1      | Reached XP level 1. HP: 22/22 MP: 0/0
   109 | D:1      | Reached XP level 2. HP: 24/29 MP: 1/1
   845 | D:2      | Noticed Sigmund
   860 | D:2      | Mangled by Sigmund

Action                   || total
-------------------------++-------
Melee: War axe           ||   101
  Use: Scroll            ||     4
  Eat: Chunk             ||     4
       Ration            ||     1
Armor: Robe              ||    44
Dodge: Dodged            ||    38
Block: Shield            ||    41
